 Dungeon Crawl Stone Soup version 0.24.1 (webtiles) character file.

Game seed: 16567400425113437150, levelgen mode: deterministic

6972 Curus the Spear-Bearer (level 10, -2/91 HPs)
             Began as a Minotaur Berserker on Apr 3, 2020.
             Was a High Priest of Trog.
             Slain by a blink frog (8 damage)
             ... on level 2 of the Lair of Beasts.
             The game lasted 00:36:17 (6473 turns).

Curus the Spear-Bearer (Minotaur Berserker)         Turns: 6473, Time: 00:36:18

Health: -2/91      AC:  9    Str: 20    XL:     10   Next: 81%
Magic:  18/18      EV: 14    Int:  7    God:    Trog [*****.]
Gold:   755        SH:  4    Dex: 10    Spells: 9/9 levels left

rFire    . . .     SeeInvis .   o - +2 trident (venom)
rCold    + . .     Gourm    .   (no shield)
rNeg     + . .     Faith    .   y - +1 ring mail {rPois}
rPois    +         Spirit   .   (helmet restricted)
rElec    .         Reflect  +   (no cloak)
rCorr    .         Harm     .   j - +1 pair of gloves
MR       ++...                  A - +0 pair of boots
Stlth    ..........             B - +4 amulet of reflection
HPRegen  1.65/turn              m - ring of positive energy
MPRegen  0.16/turn              r - ring of magical power

@: berserk cooldown, regenerating, slowed, very slow
A: retaliatory headbutt, horns 2, blink, cold resistance 1, regeneration 1, weak
1
a: Blink, Berserk, Trog's Hand, Brothers in Arms, Renounce Religion


You were on level 2 of the Lair of Beasts.
You worshipped Trog.
Trog was extremely pleased with you.
You were near starving.

You visited 2 branches of the dungeon, and saw 10 of its levels.
You also visited: Ossuary.

You collected 818 gold pieces.
You spent 63 gold pieces at shops.

Inventory:

Hand Weapons
 a - a +1 hand axe
 o - a +2 trident of venom (weapon)
Armour
 b - a +1 animal skin
 g - a +0 ring mail
 h - a +0 ring mail
 i - a +0 chain mail
 j - a +1 pair of gloves (worn)
 k - a +0 scale mail
 v - the +2 leather armour of Impatience {Dex+3 SInv}
   (You found it on level 5 of the Dungeon)

   It affects your dexterity (+3).
   It lets you see invisible.
 y - a +1 ring mail of poison resistance (worn)
 A - a +0 pair of boots (worn)
Jewellery
 m - a ring of positive energy (left hand)
 r - a ring of magical power (right hand)
 B - a +4 amulet of reflection (around neck)
Wands
 e - a wand of clouds (3)
 l - a wand of flame (11)
 w - a wand of random effects (32)
Scrolls
 d - 4 scrolls of blinking
 n - 5 scrolls of remove curse
 s - 2 scrolls of magic mapping
 t - 4 scrolls of teleportation
 u - 5 scrolls of identify
 z - a scroll of fog
 C - 2 scrolls of enchant weapon
Potions
 f - 5 potions of haste
 p - 5 potions of curing
 q - 3 potions of agility
 x - a potion of flight
 D - a potion of invisibility
 E - a potion of might
Comestibles
 c - 21 rations


   Skills:
 + Level 9.0 Fighting
 - Level 9.4(12.4) Axes
 - Level 13.2(14.2) Polearms
 - Level 2.4 Armour
 + Level 7.8 Dodging


You had 9 spell levels left.
You didn't know any spells.
Your spell library was empty.

Dungeon Overview and Level Annotations

Branches:
Dungeon (8/15)             Temple (0/1) D:6            Lair (2/6) D:8
Ossuary (visited)
  Swamp: Lair:2-4    Shoals: Lair:2-4     Snake: Lair:2-4    Spider: Lair:2-4

Altars:
Okawaru
Qazlal
Uskayaw

Shops:
D:4 *   D:6 }


Innate Abilities, Weirdness & Mutations

You reflexively headbutt those who attack you in melee.
You have a pair of horns on your head.
You can translocate small distances at will.
Your flesh is cold resistant. (rC+)
Your natural rate of healing is unusually fast.
You are weak. (Str -2)


Message History

You see here a potion of might.
E - a potion of might You feel your anger nearly subside.
You are no longer berserk.
You are exhausted.
You feel yourself slow down.
Okay, then.
Unknown command.
Your skin crawls.
You feel resistant to hostile enchantments.
You are near starving!
Attack whom?
Press: ? - help, Dir - move target cursor, f - blink frog
Aim: a blink frog You reach to attack!
You barely miss the blink frog.
The blink frog blinks!
The blink frog hits you!
* * * LOW HITPOINT WARNING * * *
The blink frog hits you but does no damage.
The blink frog hits you!
You die...

...####..................#
...P.#P....................
.....##...P..............##
.........................#
......................#.##
....###......#........###
<..## ##......#.......#
.##.###......P#....##..
.###.##.#......#@.## P.
##.....##.....P.F.#
........#.........# ...
.........#...F.#..##...#
...................PP..#
..........§.......P...#.
...........F.†.....P.†#
.............†.....#..#
......................#


You could see 3 blink frogs.

Vanquished Creatures
  A polar bear (Lair:2)
  Grinder (D:6)
  4 blink frogs (Lair:2)
  Prince Ribbit (D:7)
  2 hippogriffs
  5 yaks (Lair:1)
  A basilisk (Lair:1)
  Menkaure (D:5)
  3 water moccasins (Lair:1)
  A porcupine (Lair:2)
  2 orc warriors
  A sky beast (D:7)
  3 ice beasts
  3 wolves (Lair:1)
  3 centaurs
  A phantom (D:4)
  2 ogres
  A crocodile (Lair:2)
  A big kobold (D:4)
  6 bullfrogs
  3 elf zombies
  2 elf skeletons (D:4)
  A water moccasin zombie (D:8)
  5 scorpions
  A water moccasin skeleton (D:4)
  3 wights (D:7)
  2 crimson imps
  4 howler monkeys
  A bullfrog zombie (D:7)
  2 centaur zombies
  A human zombie (D:4)
  A jelly (D:6)
  4 hounds
  An orc priest (D:5)
  6 orc wizards
  A centaur skeleton (D:7)
  6 worker ants
  Terence (D:3)
  2 big kobold zombies (Ossuary)
  A hound zombie (D:6)
  2 hound skeletons (D:4)
  2 mummies (Ossuary)
  3 worker ant zombies
  2 howler monkey skeletons
  A gnoll (D:4)
  8 adders
  A shadow imp (D:7)
  2 oozes
  3 adder skeletons
  A worm (D:4)
  4 dart slugs
  3 leopard geckos
  15 orcs
  3 ball pythons
  3 giant cockroaches
  3 goblins
  6 hobgoblins
  11 jackals
  11 kobolds
  2 quokkas
  5 bats
  9 frilled lizards
  3 goblin zombies (Ossuary)
  2 hobgoblin zombies (Ossuary)
  A jackal skeleton (D:4)
  A jackal zombie (D:3)
  An orc skeleton (D:4)
  5 orc zombies (Ossuary)
  A quokka skeleton (D:5)
  4 rats
209 creatures vanquished.

Notes
Turn   | Place    | Note
-------+----------+-------------------------------------------
     0 | D:1      | Curus the Minotaur Berserker began the quest for the Orb.
     0 | D:1      | Reached XP level 1. HP: 19/19 MP: 0/0
    42 | D:1      | Gained mutation: Your natural rate of healing is unusually
                  | fast. [potion of mutation]
    42 | D:1      | Gained mutation: You are weak. (Str -2) [potion of
                  | mutation]
    42 | D:1      | Gained mutation: Your flesh is cold resistant. (rC+)
                  | [potion of mutation]
    42 | D:1      | Gained mutation: You can translocate small distances at
                  | will. [potion of mutation]
    49 | D:1      | Reached XP level 2. HP: 9/26 MP: 1/1
   232 | D:1      | Reached skill level 5 in Axes
   237 | D:1      | Reached XP level 3. HP: 24/31 MP: 2/2
   239 | D:1      | Reached ** piety under Trog
   897 | D:2      | Reached XP level 4. HP: 39/39 MP: 3/3
  1379 | D:3      | Noticed Terence
  1393 | D:3      | Killed Terence
  1548 | D:3      | Noticed an ogre
  1559 | D:3      | Killed an ogre
  1559 | D:3      | Reached XP level 5. HP: 7/45 MP: 4/4
  1817 | D:4      | Found Erair's Assorted Antiques.
  1822 | D:4      | Bought a scroll labeled USKEMMYHIOF for 21 gold pieces
  1822 | D:4      | Bought a scroll labeled BETUXTESKA for 21 gold pieces
  1822 | D:4      | Bought a scroll labeled DYOSHIDUIV for 21 gold pieces
  1845 | D:4      | Reached XP level 6. HP: 51/51 MP: 5/5
  2121 | D:4      | Found a sand-covered staircase.
  2137 | Ossuary  | Entered an ossuary
  2154 | Ossuary  | Reached skill level 1 in Polearms
  2161 | Ossuary  | Reached XP level 7. HP: 35/57 MP: 6/6
  2166 | Ossuary  | Reached skill level 2 in Polearms
  2233 | Ossuary  | Reached skill level 3 in Polearms
  2255 | Ossuary  | Reached *** piety under Trog
  2357 | D:4      | Reached skill level 4 in Polearms
  2398 | D:4      | Reached skill level 5 in Polearms
  2543 | D:4      | Reached skill level 6 in Polearms
  2674 | D:4      | Reached XP level 8. HP: 53/64 MP: 7/7
  2691 | D:4      | Reached skill level 7 in Polearms
  3109 | D:5      | Entered Level 5 of the Dungeon
  3127 | D:5      | Noticed Menkaure
  3131 | D:5      | Killed Menkaure
  3131 | D:5      | Reached skill level 8 in Polearms
  3309 | D:5      | Got a shimmering leather armour
  3331 | D:5      | Reached skill level 9 in Polearms
  3842 | D:3      | Identified the +2 leather armour of Impatience {Dex+3 SInv}
                  | (You found it on level 5 of the Dungeon)
  4098 | D:6      | Reached skill level 10 in Polearms
  4193 | D:6      | Reached **** piety under Trog
  4292 | D:6      | Found a staircase to the Ecumenical Temple.
  4345 | D:6      | Noticed Grinder
  4345 | D:6      | Paralysed by Grinder for 7 turns
  4364 | D:6      | Reached skill level 11 in Polearms
  4364 | D:6      | Reached XP level 9. HP: 42/70 MP: 8/8
  4368 | D:6      | Killed Grinder
  4437 | D:6      | Found Zeastray's Gadget Boutique.
  4675 | D:7      | Reached skill level 12 in Polearms
  5076 | D:7      | Found an iron altar of Okawaru.
  5242 | D:7      | Noticed Prince Ribbit
  5251 | D:7      | Killed Prince Ribbit
  5251 | D:7      | Reached skill level 13 in Polearms
  5383 | D:7      | Reached ***** piety under Trog
  5625 | D:8      | Found a stormy altar of Qazlal.
  5642 | D:8      | Reached skill level 5 in Fighting
  5700 | D:8      | Found a staircase to the Lair.
  5733 | D:8      | Reached XP level 10. HP: 76/81 MP: 9/9
  5757 | Lair:1   | Entered Level 1 of the Lair of Beasts
  5929 | Lair:1   | Reached skill level 5 in Dodging
  6321 | Lair:1   | You fall into a shaft and drop 1 floor!
  6321 | Lair:2   | Found a hide-covered altar of Uskayaw.
  6462 | Lair:2   | HP: 6/135 [polar bear (20)]
  6471 | Lair:2   | HP: 1/91 [blink frog (7)]
  6473 | Lair:2   | Slain by a blink frog

Levels and vault maps discovered:
D:1:      sevenhm_arrival_forest_fort_small_6, layout_loops_ring,
          minmay_misc_feat_chi
D:2:      layout_loops_cross, first_ration, palyth_stone_intersect
D:3:      layout_rooms, serial_undead, serial_undead_d, serial_undead_a,
          serial_undead_f, serial_undead_c, uniq_terence
D:4:      minmay_razor_zed, layout_loops_corners, serial_shops,
          nicolae_shop_trees, nicolae_ossuary_entry_catacombs
D:5:      layout_basic, uniq_menkaure
D:6:      layout_basic, minmay_temple_entry_mist, serial_shops, shop,
          uniq_grinder
D:7:      kennysheep_six_static_rooms, layout_basic, okawaru_altar_gauntlet_db,
          uniq_prince_ribbit1
D:8:      layout_cave_pools, grunt_lair_entry_orc_guard_hut,
          gammafunk_ghost_spectres, basic_altar, enter_bailey_2
Lair:1:   layout_hall_layers
Lair:2:   layout_cave_pods, basic_altar, lemuel_fruit_fields, lemuel_fruit_tree

Skill      XL: |  1  2  3  4  5  6  7  8  9 10 |
---------------+-------------------------------+-----
Axes           | 4 5 6 7 8 9 |  9.4
Polearms       | 1 6 11 13 | 13.2
Fighting       | 5 9 |  9.0
Dodging        | 4 7 |  7.8
Armour         | |  2.4

Action                   |  1- 3 |  4- 6 |  7- 9 | 10-12 || total
-------------------------+-------+-------+-------+-------++-------
Melee: Hand axe          |    86 |   112 |       |       ||   198
       Headbutt          |    16 |    19 |    68 |    19 ||   122
       Trident           |       |    18 |   417 |   104 ||   539
Invok: Berserk           |       |     2 |     1 |     2 ||     5
       Trog's Hand       |       |       |       |     1 ||     1
  Use: Scroll            |     6 |     8 |     2 |       ||    16
       Potion            |     5 |     4 |     2 |       ||    11
 Stab: Distracted        |       |       |     1 |       ||     1
  Eat: Chunk             |       |     4 |     8 |     3 ||    15
       Ration            |       |       |     2 |       ||     2
Armor: Animal skin       |    14 |       |       |       ||    14
       Ring mail         |    11 |    11 |       |    37 ||    59
       Chain mail        |       |    49 |    74 |       ||   123
       Scale mail        |       |     8 |       |       ||     8
       Leather armour    |       |       |    43 |       ||    43
Dodge: Dodged            |    46 |    48 |   139 |    65 ||   298
Block: Other             |       |       |       |     8 ||     8
